 Dungeon Crawl Stone Soup version 0.28-a0-313-gbc0475efdd (webtiles) character file.

Game seed: 13006512013568078629

65 Dirtsage the Changer (level 4, -4/28 HPs)
             Began as an Octopode Transmuter on Aug 31, 2021.
             Slain by Crazy Yiuf (16 damage)
             ... on level 2 of the Dungeon.
             The game lasted 00:03:16 (1797 turns).

Dirtsage the Changer (Octopode Transmuter)          Turns: 1797, Time: 00:03:16

Health: -4/28      AC:  2    Str: 10    XL:     4   Next: 13%
Magic:  4/7        EV: 19    Int: 15    God:
Gold:   53         SH:  0    Dex: 17    Spells: 1/7 levels left

rFire   . . .      SeeInvis .     - Unarmed
rCold   . . .      Faith    .   (shield currently unavailable)
rNeg    . . .      Spirit   .   (helmet currently unavailable)
rPois   x          Reflect  .   (no amulet)
rElec   .          Harm     .   R - ring of resist corrosion
rCorr   +          Rampage  .   (no ring)
Will    .....                   (no ring)
Stlth   ++........              (no ring)
HPRegen 0.09/turn               (no ring)
MPRegen 0.10/turn               (no ring)
                                (no ring)
                                (no ring)

@: spider-form
A: venomous fangs, almost no armour, (amphibious), 8 rings, tiny, (camouflage
1), (gelatinous body 1), (nimble swimmer 1), (tentacles)
a: End Transformation


You were on level 2 of the Dungeon.
You were a venomous arachnid creature.
You visited 1 branch of the dungeon, and saw 2 of its levels.

You collected 53 gold pieces.


Innate Abilities, Weirdness & Mutations

You are a venomous arachnid creature.
You have poisonous fangs.
You are tiny and dextrous.
Your spellcasting is less reliable in this form.
Your armour is entirely melded.
You are incapable of wielding weapons or throwing items.
You cannot wear most types of armour.
((You are amphibious.))
You can wear up to eight rings at the same time.
((Your skin changes colour to match your surroundings (Stealth+).))
((Your rubbery body absorbs attacks. (AC +1, EV +1)))
((You are camouflaged near water. (Stealth+)))
((You have tentacles for arms and can constrict up to eight enemies at once.))


   Skills:
 - Level 1.0 Fighting
 - Level 2.0 Dodging
 - Level 3.0 Unarmed Combat
 - Level 2.0 Spellcasting
 + Level 3.3 Transmutations
 + Level 3.0 Poison Magic


You had one spell level left.
You knew the following spells:

 Your Spells              Type           Power      Damage    Failure   Level
b - Beastly Appendage     Tmut           22%        N/A       17%         1
s - Spider Form           Tmut/Pois      5%         N/A       38%         3
w - Wereblood             Tmut           11%        N/A       22%         2

Your spell library contained the following spells:

 Spells                   Type           Power      Damage    Failure   Level
 Ice Form                 Ice/Tmut       6%         N/A       89%         4

Inventory:

Missiles
 a - a throwing net {=f}
 c - a stone
Magical Staves
 e - a staff of air {!a}
 i - a staff of fire {!a}
Jewellery
 R - a ring of resist corrosion (left front leg)
Scrolls
 d - a scroll of magic mapping {unknown}
 f - 2 scrolls of identify {unknown}
Potions
 b - a potion of haste {unknown}
 g - a potion of magic {unknown}
 h - a potion of flight {unknown}

Dungeon Overview and Level Annotations

Branches:
Dungeon (2/15)

Altars:

Annotations:
D:2 Crazy Yiuf

#.##.# ...
#.##.# ###.
###.##.# #.
....##.####
▒▒▒▒▒ #.
.#####....#
▒..)▒ .#
#....# ▒...▒
.# ##...#
... .# ##^##
▒g▒ .# .#
♣♣s♣ .# .#
♣.♣♣ .## .#
♣♣.♣ ..#
.### ♣.♣♣
#.# ...#
♣♣.♣♣ #.#
#...# ♣...♣♣
#.# #...#
♣....♣ #.#
##..# #....#
#.#
#...###....#


You could see Crazy Yiuf (extremely poisoned).


Message History

You howl as the wereblood boils in your veins!
Your tentacle spike disappears.
Your primal bloodlust has ended.
You see here a rat corpse.
Found a mace.
Found a runed translucent door.
Crazy Yiuf shouts!
Crazy Yiuf laughs, "Pitchfork!"
Found 18 stones.
This spell is quite dangerous to cast!
Memorise Spider Form, consuming 3 spell levels and leaving 1?
You finish memorising.
Spell assigned to 's'.
Casting: Wereblood (safe; 9% risk of failure)
Confirm with . or Enter, or press ? or * to list all spells.
The spell is quite dangerous to cast (19% risk of failure)!
Continue anyway?
You turn into a venomous arachnid creature.
You open the door. You barely miss Crazy Yiuf. You hit Crazy Yiuf.
Crazy Yiuf is poisoned.
Crazy Yiuf is moderately wounded.
Crazy Yiuf hits you with a +4 quarterstaff of chaos!
Space bends around you.
* * * LOW HITPOINT WARNING * * *
You hit Crazy Yiuf but do no damage.
Crazy Yiuf looks as sick as possible!
Crazy Yiuf is moderately wounded.
Crazy Yiuf misses you.
Unknown command.
You hit Crazy Yiuf.
Crazy Yiuf is heavily wounded.
Crazy Yiuf hits you with a +4 quarterstaff of chaos!
Ouch! That really hurt!
You die...

Skill      XL: |  1  2  3  4 |
---------------+-------------+-----
Poison Magic   | 1 2 3 |  3.0
Transmutations | 3 |  3.3
Fighting       | |  1.0
Dodging        | |  2.0
Unarmed Combat | |  3.0
Spellcasting   | |  2.0

Action                   |  1- 3 |  4- 6 || total
-------------------------+-------+-------++-------
Melee: Unarmed           |    77 |    19 ||    96
       Tentacles         |    13 |     3 ||    16
       Constrict         |    16 |     3 ||    19
       Kick              |     8 |     3 ||    11
 Cast: Beastly Appendage |     7 |     2 ||     9
       Wereblood         |     1 |     1 ||     2
       Spider Form       |       |     1 ||     1
  Use: Scroll            |     1 |       ||     1
 Stab: Sleeping          |     6 |       ||     6
Armor: Skin              |    13 |     2 ||    15
Dodge: Dodged            |    67 |     9 ||    76

Levels and vault maps discovered:
D:1:      lightli_molten_gateway, layout_basic, serial_curves, eino_curves_01,
          eino_curves_04, eino_curves_04, shapermc_ecumenical_altar_petra
D:2:      layout_loops_ring, uniq_crazy_yiuf_cottage, uniq_natasha

Notes
Turn   | Place    | Note
-------+----------+-------------------------------------------
     0 | D:1      | Dirtsage the Octopode Transmuter began the quest for the
                  | Orb.
     0 | D:1      | Reached XP level 1. HP: 13/13 MP: 3/3
   138 | D:1      | Reached skill level 1 in Poison Magic
   144 | D:1      | Reached XP level 2. HP: 18/18 MP: 5/5
   147 | D:1      | Learned a level 2 spell: Wereblood
   578 | D:1      | Reached skill level 2 in Poison Magic
   669 | D:1      | Reached XP level 3. HP: 23/23 MP: 6/6
  1276 | D:2      | Reached skill level 3 in Transmutations
  1584 | D:2      | Reached XP level 4. HP: 28/28 MP: 5/7
  1724 | D:2      | Reached skill level 3 in Poison Magic
  1762 | D:2      | Found a runed translucent door.
  1763 | D:2      | Noticed Crazy Yiuf
  1788 | D:2      | Learned a level 3 spell: Spider Form
  1797 | D:2      | Slain by Crazy Yiuf

Vanquished Creatures
  2 adders (D:2)
  A worm (D:2)
  A dart slug (D:1)
  2 ball pythons (D:1)
  4 endoplasms
  2 giant cockroaches
  4 goblins (D:1)
  4 hobgoblins
  3 jackals (D:1)
  2 quokkas (D:1)
  7 bats
  A frilled lizard (D:1)
  2 kobolds (D:1)
  4 rats
39 creatures vanquished.

Table legend: (Time is in decaauts)
 A = Elapsed time spent in this place.
 B = Non-inter-level travel time spent in this place.
 C = Inter-level travel time spent in this place.
 D = Time resting spent in this place.
 E = Time spent auto-exploring this place.
 F = Levels seen in this place.
 G = Mean time per level.
                   A        B        C        D        E       F      G
               +--------+--------+--------+--------+--------+-----+--------+
         Total |   1791 |   1779 |     12 |      0 |   1493 |   2 |  895.5 |
       Dungeon |   1791 |   1779 |     12 |      0 |   1493 |   2 |  895.5 |
               +--------+--------+--------+--------+--------+-----+--------+

Top non-repeatable levels by time:
     D:1: 1244 daAuts
     D:2: 546 daAuts

Table legend:
 A = Non-vault XP
 B = Vault XP
 C = Vault XP percentage of total XP
 D = Non-vault monster count
 E = Vault monster count
 F = Vault count percentage of total count
                 A         B        C        D         E       F
            +---------+---------+-------+---------+---------+-------
      Total |      93 |       0 |   0.0 |      39 |       0 |   0.0
            +---------+---------+-------+---------+---------+-------
        D:1 |      50 |       0 |   0.0 |      28 |       0 |   0.0
        D:2 |      43 |       0 |   0.0 |      11 |       0 |   0.0
            +---------+---------+-------+---------+---------+-------
